 Dungeon Crawl Stone Soup version 0.31-a0-692-gf03d1854d5 (webtiles) character file.

Game seed: 12519687912639897573

18 Ijustatesigmund the Grasshopper (level 2, -2/15 HPs)
             Began as a Spriggan Warper on Sept 7, 2023.
             Killed from afar by a dart slug (5 damage)
             ... with a slug dart
             ... on level 1 of the Dungeon.
             The game lasted 00:01:28 (583 turns).

Ijustatesigmund the Grasshopper (Spriggan Warper)    Turns: 583, Time: 00:01:29

Health: -2/15      AC:  2    Str:  7    XL:     2   Next: 48%
Magic:  6/6        EV: 17    Int: 14    God:
Gold:   23         SH:  0    Dex: 14    Spells: 6/6 levels left

rFire   . . .        a - +0 short sword
rCold   . . .        (no shield)
rNeg    . . .        b - +0 robe
rPois   .            (helmet restricted)
rElec   .            (no cloak)
rCorr   .            (gloves unavailable)
SInv    +            (boots unavailable)
Will    .....        (no amulet)
Stlth   ++           (no ring)
HPRegen 0.22/turn    (no ring)
MPRegen 0.10/turn

%: no passive effects
@: very quick
A: very small, no large weapons, unfitting armour, see invisible, speed 3
a: no special abilities


You were on level 1 of the Dungeon.
You visited 1 branch of the dungeon, and saw 2 of its levels.

You collected 23 gold pieces.

Inventory:

Hand Weapons
 a - a +0 short sword (weapon)
Missiles
 d - 7 darts of dispersal (quivered)
Armour
 b - a +0 robe (worn)
Scrolls
 c - a scroll of blinking
 f - a scroll of identify {unknown}
 g - a scroll of teleportation {unknown}
Potions
 e - a potion of invisibility {unknown}


   Skills:
 + Level 1.7 Fighting
 + Level 2.5 Short Blades
 + Level 1.2 Throwing
 + Level 3.3 Dodging
 + Level 1.1 Stealth
 + Level 2.9 Spellcasting
 + Level 4.5 Translocations


You had 6 spell levels left.
You didn't know any spells.
Your spell library contained the following spells:

 Spells                   Type           Power      Damage    Failure   Level
 Blink                    Tloc           28%        N/A       4%          2
 Lesser Beckoning         Tloc           28%        N/A       4%          2
 Teleport Other           Tloc           14%        N/A       10%         3
 Manifold Assault         Tloc           14%        N/A       32%         4
 Vhi's Electric Charge    Tloc/Air       16%        N/A       63%         4


Dungeon Overview and Level Annotations

Branches:
Dungeon (2/15)

Altars:

Annotations:
D:2 Terence


Innate Abilities, Weirdness & Mutations

You are very small and have problems with some larger weapons.
You are too small for most types of armour.
You have supernaturally acute eyesight. (SInv)
You cover ground extremely quickly. (Speed+++)


Message History

The ball python constricts you.
You hit the ball python but do no damage.
The ball python bites you. The ball python constricts you.
You closely miss the ball python. The ball python closely misses you.
The ball python constricts you.
You completely miss the ball python. The ball python barely misses you.
The ball python constricts you.
You hit the ball python.
The ball python is heavily wounded.
The ball python misses you. The ball python constricts you.
You hit the ball python.
You kill the ball python!
The dart slug launches a dart at you. The slug dart hits you.
You are too injured to fight recklessly!
You are too injured to fight recklessly!
You are too injured to fight recklessly!
You are too injured to fight recklessly!
There are monsters nearby!
The dart slug launches a dart at you. The slug dart misses you.
You start resting.
An endoplasm is nearby!
The endoplasm quivers.
You hit the endoplasm.
The endoplasm is lightly wounded.
The endoplasm hits you.
You hit the endoplasm.
The endoplasm is moderately wounded.
The endoplasm hits you.
You hit the endoplasm.
The endoplasm is severely wounded.
You barely miss the endoplasm.
The endoplasm is severely wounded.
The endoplasm freezes you.
You are frozen.
* * * LOW HITPOINT WARNING * * *
The dart slug launches a dart at you. The slug dart hits you.
You die...

#........................
#...............#w.#.....
##.Sw..........##.#######
##.....#.....###....##... ..#
####)#####.###........######...
.# #.# #.###......####.......
..##.# #..##.....## #.......
#..#.# ##......### ###.......
#...## #...@### ##.......♣.
##...#####...J### #.......8..
##..##.....>..)# #.#..<.....
#...#.........####..........
.#####.#.........................
.................................
.####....#.........##.#...#######
#..##..†##.........##.#...#
#..†...###.........##.##..#


You could see a dart slug and an endoplasm.

Vanquished Creatures
  A ball python (D:1)
  2 endoplasms (D:1)
  A giant cockroach (D:1)
  3 goblins (D:1)
  A hobgoblin (D:1)
  A quokka (D:1)
  3 bats (D:1)
  2 frilled lizards (D:1)
  A kobold (D:1)
  2 rats
17 creatures vanquished.

Notes
Turn   | Place    | Note
-------+----------+-------------------------------------------
     0 | D:1      | Ijustatesigmund the Spriggan Warper began the quest for the
                  | Orb.
     0 | D:1      | Reached XP level 1. HP: 10/10 MP: 5/5
    95 | D:1      | Reached XP level 2. HP: 6/15 MP: 6/6
   347 | D:2      | Noticed Terence
   521 | D:2      | Reached skill level 1 in Stealth
   583 | D:1      | Killed from afar by a dart slug

Illustrated notes

Levels and vault maps discovered:
D:1:      wander_arrival_peaceful_grave, layout_rooms
D:2:      layout_loops_ring, nicolae_eternal_life, uniq_terence

Skill      XL: |  1  2 |
---------------+-------+-----
Stealth        | 1 |  1.1
Fighting       | |  1.7
Short Blades   | |  2.5
Throwing       | |  1.2
Dodging        | |  3.3
Spellcasting   | |  2.9
Translocations | |  4.5

Action                     || total
---------------------------++-------
  Melee: Short sword       ||    80
   Stab: Sleeping          ||     1
 Armour: Robe              ||    24
  Dodge: Dodged            ||    81

Table legend: (Time is in decaauts)
 A = Elapsed time spent in this place.
 B = Non-inter-level travel time spent in this place.
 C = Inter-level travel time spent in this place.
 D = Time resting spent in this place.
 E = Time spent auto-exploring this place.
 F = Levels seen in this place.
 G = Mean time per level.
                   A        B        C        D        E       F      G
               +--------+--------+--------+--------+--------+-----+--------+
         Total |    479 |    473 |      6 |    225 |     88 |   2 |  239.5 |
       Dungeon |    479 |    473 |      6 |    225 |     88 |   2 |  239.5 |
               +--------+--------+--------+--------+--------+-----+--------+

Top non-repeatable levels by time:
     D:1: 413 daAuts
     D:2: 66 daAuts
